 Dungeon Crawl Stone Soup version 0.27.1 (webtiles) character file.

Game seed: 12480853344394934199

205 Descartes the Covert (level 5, -2/27 HPs)
             Began as a Spriggan Delver on Aug 31, 2021.
             Killed from afar by a white imp (8 damage)
             ... with a puff of frost
             ... summoned by Natasha
             ... on level 2 of the Dungeon.
             The game lasted 00:06:51 (3950 turns).

Descartes the Covert (Spriggan Delver)              Turns: 3950, Time: 00:06:51

Health: -2/27      AC:  2    Str:  9    XL:     5   Next: 52%
Magic:  6/6        EV: 19    Int: 11    God:
Gold:   28         SH:  0    Dex: 17    Spells: 4/4 levels left

rFire    . . .     SeeInvis +   a - +0 short sword
rCold    . . .     Faith    .   (shield restricted)
rNeg     . . .     Spirit   .   i - +0 robe
rPois    .         Reflect  .   (helmet restricted)
rElec    .         Harm     .   (no cloak)
rCorr    .         Rampage  .   (gloves unavailable)
Will     .....                  (boots unavailable)
Stlth    ++++......             (no amulet)
HPRegen  0.09/turn              (no ring)
MPRegen  0.10/turn              (no ring)

@: slowed, quick
A: very small, no large weapons, unfitting armour, see invisible, speed 3
a: no special abilities


You were on level 2 of the Dungeon.
You visited 1 branch of the dungeon, and saw 5 of its levels.

You collected 93 gold pieces.
You spent 65 gold pieces at shops.

Inventory:

Hand Weapons
 a - a +0 short sword (weapon)
 b - a +0 hunting sling
Missiles
 j - 85 stones (quivered)
 m - 6 arrows
 v - 3 boomerangs
Armour
 i - a +0 robe (worn)
Jewellery
 l - a ring of willpower
Wands
 g - a wand of digging (3)
Scrolls
 c - 2 scrolls of fog
 d - a scroll of magic mapping
 e - a scroll of fear
 k - a scroll of summoning {unknown}
 n - 3 scrolls of blinking {unknown}
 p - a scroll of holy word {unknown}
 r - 2 scrolls of teleportation
 t - a scroll of brand weapon {unknown}
 u - a scroll of identify
Potions
 f - a potion of heal wounds {unknown}
 h - a potion of brilliance {unknown}
 o - a potion of attraction {unknown}
 q - a potion of might {unknown}
 s - a potion of mutation {unknown}


   Skills:
 - Level 2.4 Fighting
 + Level 4.1 Short Blades
 + Level 4.9 Dodging
 + Level 8.8 Stealth


You had 4 spell levels left.
You didn't know any spells.
Your spell library was empty.

Dungeon Overview and Level Annotations

Branches:
Dungeon (5/15)
 Temple: D:4-7

Altars:
Yredelemnul

Shops:
D:2 ?

Annotations:
D:2 Natasha
D:4 Robin


Innate Abilities, Weirdness & Mutations

You are very small and have problems with some larger weapons.
You are too small for most types of armour.
You have supernaturally acute eyesight. (SInv)
You cover ground extremely quickly. (Speed+++)


Message History

Natasha hisses angrily.
You hit Natasha.
Natasha is moderately wounded.
Natasha casts a spell.
You hit Natasha.
Natasha is heavily wounded.
Natasha misses you.
You hit Natasha but do no damage.
Natasha is heavily wounded.
Natasha zaps a wand.
The puff of flame hits you!
You closely miss Natasha.
Natasha is heavily wounded.
Natasha zaps a wand.
The puff of flame hits you.
You hit Natasha but do no damage.
Natasha is heavily wounded.
The white imp misses you. Natasha closely misses you.
You hit Natasha but do no damage.
Natasha is heavily wounded.
Natasha casts a spell.
The white imp hits you. The white imp freezes you.
You are too injured to fight recklessly!
You are too injured to fight recklessly!
You are too injured to fight recklessly!
You are too injured to fight recklessly!
You are too injured to fight recklessly!
You are too injured to fight recklessly!
You are too injured to fight recklessly!
You closely miss Natasha.
Natasha is heavily wounded.
The white imp barely misses you. Natasha claws you.
* * * LOW HITPOINT WARNING * * *
You hit Natasha but do no damage.
Natasha is heavily wounded.
The white imp barely misses you. Natasha casts a spell at you.
You feel yourself slow down.
The crimson imp laughs crazily.
The white imp gestures at you. The puff of frost hits you!
You die...

#....##########.##....##....8
#....##.........#####.##.....
#.....#.########### #.##8....
#####.#.#.........# #......_.
###..#.#.........######..8.8
#...##.#.........#....).....
##..###.#....h5...#.####..8.8
####.......#...5.......# #.....
#....#######...@.......#########
#....# ###................
#....## #..##....##......#
#.....#######.###....######...##
#......................######...
#....#####...####...............
#.....†.⌠..### #.###.######.#..
#####..∩..## #.###.# #.#.#
##⌠.⌠.# #.##..## #.#.#


You could see Natasha, a crimson imp (summoned) and a white imp (summoned).

Vanquished Creatures
  A scorpion (D:4)
  Natasha (twice) (D:2)
  3 adders
  4 worms
  6 dart slugs
  An orc (D:2)
  5 ball pythons
  4 bats
  5 endoplasms
  5 goblins
  3 hobgoblins
  A quokka (D:1)
  5 frilled lizards
  5 kobolds
  A rat (D:3)
51 creatures vanquished.

Notes
Turn   | Place    | Note
-------+----------+-------------------------------------------
     0 | D:5      | Descartes the Spriggan Delver began the quest for the Orb.
     0 | D:5      | Reached XP level 1. HP: 11/11 MP: 2/2
   251 | D:4      | Noticed a scorpion
   257 | D:4      | Killed a scorpion
   258 | D:4      | Reached skill level 8 in Stealth
   258 | D:4      | Reached XP level 2. HP: 16/16 MP: 3/3
   258 | D:4      | Reached XP level 3. HP: 19/19 MP: 4/4
   417 | D:4      | Noticed an ogre
   498 | D:4      | Noticed Robin
   511 | D:4      | Found a basalt altar of Yredelemnul.
   553 | D:4      | Reached XP level 4. HP: 13/23 MP: 5/5
  1557 | D:2      | Noticed Natasha
  1561 | D:2      | Killed Natasha
  1918 | D:2      | Found a faded altar of an unknown god.
  2016 | D:1      | Reached XP level 5. HP: 27/27 MP: 6/6
  2860 | D:1      | Noticed a vine stalker
  2860 | D:1      | Noticed a palentonga
  2864 | D:1      | Noticed a demigod
  2866 | D:1      | Noticed an elf
  2866 | D:1      | Noticed a vampire
  2868 | D:1      | Noticed a tengu
  2868 | D:1      | Noticed a felid
  2870 | D:1      | Noticed a merfolk
  2870 | D:1      | Noticed a demonspawn
  2872 | D:1      | Noticed a human
  2872 | D:1      | Noticed a formicid
  2874 | D:1      | Noticed an octopode
  2874 | D:1      | Noticed a ghoul
  2876 | D:1      | Noticed a djinni
  2876 | D:1      | Noticed a gargoyle
  2878 | D:1      | Noticed a naga
  2880 | D:1      | Noticed a minotaur
  2880 | D:1      | Noticed an ogre
  2882 | D:1      | Noticed a dwarf
  2882 | D:1      | Noticed a troll
  2884 | D:1      | Noticed a draconian
  2884 | D:1      | Noticed a spriggan
  3410 | D:2      | Found Avant's Magic Scroll Shop.
  3415 | D:2      | Bought a scroll of identify for 26 gold pieces
  3415 | D:2      | Bought a scroll of teleportation for 39 gold pieces
  3541 | D:2      | Noticed Natasha
  3557 | D:2      | Killed Natasha
  3935 | D:2      | Noticed Natasha
  3950 | D:2      | Killed from afar by a white imp

Illustrated notes

Levels and vault maps discovered:
D:1:      kb_arrival_jail, layout_loops_ring, serial_rivers,
          chequers_serial_rivers_small_a, chequers_serial_rivers_large_b,
          chequers_serial_rivers_small_3, chequers_serial_rivers_micro_e,
          chequers_serial_rivers_room_a, chequers_serial_rivers_small_a
D:2:      layout_rooms, serial_shops, shop_fountains,
          ebering_ecumenical_altar_ruins, serial_co_window_serial,
          co_window_corner_a, co_window_corner_a, co_window_paths_a,
          co_window_paths_a, co_window_paths_a, co_window_broadway_c,
          co_window_corner_ca, co_window_cross_3, co_window_corner_ca,
          co_window_4corner_a, glass_columns_a, glass_columns_a,
          minmay_misc_feat_ornament, kennysheep_pointless_box, uniq_natasha,
          uniq_terence
D:3:      layout_basic, nicolae_overflow_hidden_temple, kennysheep_another_room,
          uniq_purgy
D:4:      layout_loops_ring, lemuel_tele_altar, minmay_temple_entry_overgrown,
          columned_hall_lemuel, fountainhead, uniq_robin
D:5:      layout_loops_corners, minitemple, chequers_temple_overflow_minitemple,
          nemelex_diamond_rough_becter, serial_shops, shop

Skill      XL: |  1  2  3  4  5 |
---------------+----------------+-----
Dodging        | 3 4 |  4.9
Short Blades   | 3 4 |  4.1
Stealth        | 8 |  8.8
Fighting       | |  2.4

Action                   |  1- 3 |  4- 6 || total
-------------------------+-------+-------++-------
Melee: Short sword       |    30 |   150 ||   180
  Use: Potion            |       |     1 ||     1
 Stab: Sleeping          |     2 |    24 ||    26
       Distracted        |       |     1 ||     1
Armor: Robe              |     2 |     8 ||    10
Dodge: Dodged            |    14 |    80 ||    94
